 Dungeon Crawl Stone Soup version 0.29-a0-541-gaf1fc19f1b (webtiles) character file.

Game seed: 8873751782243550663

9 xian the Sneak (level 2, 0/19 HPs)
             Began as an Octopode Brigand on June 3, 2022.
             Slain by a kobold
             ... wielding a +1 short sword of freezing
              (1 damage)
             ... on level 1 of the Dungeon.
             The game lasted 00:00:58 (356 turns).

xian the Sneak (Octopode Brigand)                    Turns: 356, Time: 00:00:58

Health: 0/19       AC:  1    Str: 10    XL:     2   Next: 12%
Magic:  2/2        EV: 12    Int: 13    God:
Gold:   28         SH:  0    Dex: 13    Spells: 1/1 levels left

rFire   . . .      SeeInvis .   a - +2 dagger
rCold   . . .      Faith    .   (no shield)
rNeg    . . .      Spirit   .   (helmet restricted)
rPois   .          Reflect  .   (no amulet)
rElec   .          Harm     .   (no ring)
rCorr   .          Rampage  .   (no ring)
Will    .....                   (no ring)
Stlth   ++++......              (no ring)
HPRegen 0.06/turn               (no ring)
MPRegen 0.08/turn               (no ring)
                                (no ring)
                                (no ring)

@: no status effects
A: almost no armour, amphibious, 8 rings, camouflage 1, gelatinous body 1,
(nimble swimmer 1), tentacles
a: no special abilities


You were on level 1 of the Dungeon.
You visited 1 branch of the dungeon, and saw 1 of its levels.

You collected 28 gold pieces.

Inventory:

Hand Weapons
 a - a +2 dagger (weapon)
Missiles
 b - 9 poisoned darts (quivered)
 c - 3 curare-tipped darts
Scrolls
 d - a scroll of noise {unknown}
 e - a scroll of vulnerability {unknown}
Potions
 f - a potion of lignification {unknown}
 g - a potion of attraction {unknown}


   Skills:
 + Level 2.0 Fighting
 + Level 2.0 Short Blades
 + Level 2.0 Throwing
 + Level 1.0 Dodging
 + Level 6.0 Stealth


You had one spell level left.
You didn't know any spells.
Your spell library contained the following spells:

 Spells                   Type           Power      Damage    Failure   Level
 Apportation              Tloc           0%         N/A       30%         1
 Alistair's Intoxication  Tmut/Pois      0%         N/A       100%        5


Dungeon Overview and Level Annotations

Branches:
Dungeon (1/15)

Altars:


Innate Abilities, Weirdness & Mutations

You cannot wear most types of armour.
You are amphibious.
You can wear up to eight rings at the same time.
Your skin changes colour to match your surroundings (Stealth+).
Your rubbery body absorbs attacks. (AC +1, EV +1)
((You are camouflaged when in or above water. (Stealth+)))
You have tentacles for arms and can constrict up to eight enemies at once.


Message History

The quokka closely misses you.
You barely miss the quokka. Your grab misses the quokka. The quokka bites you.
You hit the quokka. You grab the quokka. You squeeze the quokka.
The quokka is almost dead.
You constrict the quokka, but do no damage.
The quokka bites you.
You hit the quokka but do no damage.
The quokka is almost dead.
You constrict the quokka.
You kill the quokka!
You have reached level 2!
You see here a book of Party Tricks.
You pick up a book of Party Tricks and begin reading...
You add the spells Apportation and Alistair's Intoxication to your library.
You see here a glowing golden potion.
g - a glowing golden potion
Found a club.
Found a stone staircase leading down.
A kobold comes into view.
It is wielding a +1 short sword of freezing.
The ball python misses you. The ball python barely misses you.
You barely miss the ball python. You grab the ball python.
You squeeze the ball python.
The ball python is severely wounded.
You constrict the ball python.
You kill the ball python!
The bat hits you but does no damage.
You hit the bat.
You kill the bat!
Your Stealth skill increases to level 6!
The kobold shouts!
You hit the kobold. Your grab misses the kobold.
Your squeeze misses the kobold.
The kobold is severely wounded.
The kobold hits you with a +1 short sword of freezing.
The kobold freezes you.
You closely miss the kobold. Your grab misses the kobold.
The kobold is severely wounded.
The kobold hits you with a +1 short sword of freezing.
* * * LOW HITPOINT WARNING * * *
The kobold freezes you.
You die...

.. .........
############........
#...............)....
.#..................## #
.......).............# #
#.......†...........# #
#...................#
####............@K.....#
.......................#
......................##
###.(#.##............##
# ##......##.......>....
# ###...###(.#..###.#..
### #...###.##..# ..##
..# #.....#.##..# ...
..# #...........# ##


You could see a kobold.

Vanquished Creatures
  A bat (D:1)
  2 endoplasms (D:1)
  A goblin (D:1)
  A quokka (D:1)
  A ball python (D:1)
  2 rats (D:1)
8 creatures vanquished.

Notes
Turn   | Place    | Note
-------+----------+-------------------------------------------
     0 | D:1      | xian the Octopode Brigand began the quest for the Orb.
     0 | D:1      | Reached XP level 1. HP: 14/14 MP: 1/1
    54 | D:1      | Found a faded altar of an unknown god.
   337 | D:1      | Reached XP level 2. HP: 11/19 MP: 2/2
   351 | D:1      | Reached skill level 6 in Stealth
   356 | D:1      | Slain by a kobold

Illustrated notes

Levels and vault maps discovered:
D:1:      dpeg_arrival_arbitrary_c, layout_rooms, basic_ecumenical_altar

Skill      XL: |  1  2 |
---------------+-------+-----
Stealth        | 6 |  6.0
Fighting       | |  2.0
Short Blades   | |  2.0
Throwing       | |  2.0
Dodging        | |  1.0

Action                   || total
-------------------------++-------
Melee: Dagger            ||    16
       Constrict         ||     4
       Tentacles         ||     3
       Punch             ||     1
 Stab: Sleeping          ||     2
Armor: Skin              ||     1
Dodge: Dodged            ||     6

Table legend: (Time is in decaauts)
 A = Elapsed time spent in this place.
 B = Non-inter-level travel time spent in this place.
 C = Inter-level travel time spent in this place.
 D = Time resting spent in this place.
 E = Time spent auto-exploring this place.
 F = Levels seen in this place.
 G = Mean time per level.
                   A        B        C        D        E       F      G
               +--------+--------+--------+--------+--------+-----+--------+
         Total |    354 |    354 |      0 |      0 |    264 |   1 |  354.0 |
       Dungeon |    354 |    354 |      0 |      0 |    264 |   1 |  354.0 |
               +--------+--------+--------+--------+--------+-----+--------+

Top non-repeatable levels by time:
     D:1: 354 daAuts
